Cogmind - Beta 16 --- EXPLORER MODE // 2025.11.20 @ 12:43:08 Player: K.K.Y. Result: Destroyed by S-10 Pest with Light Assault Rifle Performance ------------- Evolutions (0) 0 Regions Visited (2) 400 Robots Destroyed (20) 100 Value Destroyed (726) 726 Prototype IDs (2) 40 Alien Tech Used (0) 0 Bonus (0) 0 TOTAL SCORE: 1266 Bonus ------- None Cogmind --------- Core Integrity 0/250 Matter 275/300 Energy 100/100 System Corruption 0% Temperature Cool (0) Movement Core (350) Ox6 Location -10/Subcaves Parts ------- > --- POWER (1) -------- (None) > --- PROPULSION (3) --- (None) > --- UTILITY (2) ------ Medium Storage Unit Makeshift Light Armor Plating > --- WEAPON (2) ------- Battle Cannon Makeshift Hammer > --- INVENTORY (10) --- High-capacity Storage Unit Humpback Makeshift Light Armor Plating Makeshift Light Armor Plating Scrap Shield Subdweller Machine Gun Mining Laser Enhanced Flamer Peak State ------------ > --- POWER ------------ Ion Engine > --- PROPULSION ------- Light Treads Light Treads > --- UTILITY ---------- Medium Storage Unit Makeshift Light Armor Plating > --- WEAPON ----------- Makeshift Laser Makeshift Hammer > --- INVENTORY -------- High-capacity Storage Unit Humpback Signal Interpreter Light Armor Plating Makeshift Light Armor Plating Battle Rifle Subdweller Machine Gun Battle Cannon Enhanced Flamer [Rating: 17] Favorites ----------- Power Ion Engine Engine Ion Engine Propulsion Light Treads Treads Light Treads Wheel Subdweller Monowheel Utility Medium Storage Unit Storage Medium Storage Unit Protection Makeshift Light Armor Plating Weapon Assault Rifle Energy Gun Makeshift Laser Ballistic Gun Assault Rifle Ballistic Cannon Battle Cannon Impact Weapon Makeshift Hammer Build | -11 -10 -10 ------- Run | Yrd Mat Sub Slots Evolved 1 | . 1 . Power . | . . . Propulsion 1 | . 1 . Utility . | . . . Weapon . | . . . Parts Attached 16 | 6 2 8 Power 1 | 1 . . Engine 1 | 1 . . Core . | . . . Reactor . | . . . Propulsion 4 | 2 1 1 Treads 3 | 2 1 . Leg . | . . . Wheel 1 | . . 1 Hover . | . . . Flight . | . . . Utility 4 | 2 . 2 Device . | . . . Storage 1 | 1 . . Processor . | . . . Hackware . | . . . Protection 3 | 1 . 2 Artifact . | . . . Weapon 7 | 1 1 5 Energy Gun 1 | . . 1 Energy Cannon . | . . . Ballistic Gun 4 | 1 1 2 Ballistic Cannon 1 | . . 1 Launcher . | . . . Special Weapon . | . . . Impact Weapon 1 | . . 1 Slashing Weapon . | . . . Piercing Weapon . | . . . Special Melee Weapon . | . . . Unidentified Prototypes . | . . . Parts Lost 5 | . . 5 Power 1 | . . 1 Propulsion 3 | . . 3 Utility 1 | . . 1 Weapon . | . . . Highest Loss Streak 3 | . . 3 To Critical Strikes . | . . . Average Backups 5 | 1 1 6 Power . | . . . Propulsion . | . . . Utility 3 | . 1 4 Weapon 1 | . . 2 Tool/Special . | . . . Unused Backups 12 | . 2 10 Power . | . . . Propulsion . | . . . Utility 8 | . 2 6 Weapon 4 | . . 4 Tool/Special . | . . . Average Slot Usage (%) 78 | . 97 71 Engine 8 | . 12 6 Treads 23 | . 36 19 Storage 12 | . 12 12 Protection 9 | . 12 9 Ballistic Gun 14 | . 23 10 Ballistic Cannon 2 | . . 3 Impact Weapon 5 | . . 7 Peak Build Rating 17 | 6 8 17 Average Rating 9 | 4 7 10 On Entrance 4 | . 6 8 Avg Prop Armor Cover (%) . | . . . Naked Turns . | . . . Heaviest Build 24 | 20 22 24 Greatest Support 60 | 40 60 60 Greatest Overweight (x) 7 | 1 . 7 Average Overweight (x) . | . . 1 Largest Inventory Capacity 10 | 10 10 10 Average Capacity 9 | 8 10 10 Most Carried 10 | 5 3 10 Average Carried 5 | 1 1 7 Final Capacity 10 | 10 10 10 Final Carried 10 | . 3 10 Class Distribution -------------------- 100% | Hacker-Mutant Dominant Class ---------------- Hacker-Mutant | -10/Materials Hacker-Mutant | -10/Subcaves Resources | -11 -10 -10 ----------- Run | Yrd Mat Sub Matter Collected 714 | 172 234 308 Remotely . | . . . Salvage Created 787 | . 280 507 Parts 50 | . 12 38 Haulers Intercepted 2 | . 2 . Recyclers Shooed . | . . . Parts Field Recycled . | . . . Retrieved Matter . | . . . Parts Self-Destructed . | . . . Prevented . | . . . Parts Restored . | . . . Kills | -11 -10 -10 ------- Run | Yrd Mat Sub Combat Hostiles Destroyed 18 | . 4 14 Melee 4 | . . 4 Guns 7 | . 4 3 Cannons 1 | . . 1 Classes Destroyed 3 | . 2 1 Hauler 2 | . 2 . Grunt 4 | . 4 . Subdweller 14 | . . 14 Best Kill Streak 2 | . 2 2 Combat Bots Only 2 | . 2 2 Max Kills in Single Turn 1 | . 1 1 Gunslinging . | . . . Exploded . | . . . Melee 1 | . . 1 Uniques/NPCs Destroyed . | . . . Combat | -11 -10 -10 -------- Run | Yrd Mat Sub Hostile Shots Fired 140 | . 24 116 Missed 38 | . 11 27 Hits 102 | . 13 89 Projectile 102 | . 13 89 Damage Taken 1311 | . 141 1170 Core 250 | . 6 244 Absorbed by Shields . | . . . Ignored by Resistances 758 | . 87 671 Core Remaining (%) 100 | 100 . . Volleys Fired 69 | . 21 48 Largest 2 | . 2 2 Hottest 150 | . 40 150 Shots Fired 127 | . 42 85 Gun 120 | . 42 78 Cannon 7 | . . 7 Launcher . | . . . Special . | . . . Kinetic 126 | . 42 84 Thermal 1 | . . 1 Explosive . | . . . Electromagnetic . | . . . Robot Hit Streak 37 | . 22 37 Robot Miss Streak 2 | . 2 1 Penetration Max . | . . . Secondary Targets 1 | . 1 . Max Gunslinging Chain 1 | . 1 . Shots Hit Robots 135 | . 34 101 Core Hits 29 | . 15 14 Critical Kills . | . . . Critical Parts Destroyed 7 | . 1 6 Critical Strikes 9 | . 1 8 Destroy 2 | . 1 1 Smash 7 | . . 7 Melee Attacks 53 | . . 53 Impact 53 | . . 53 Slashing . | . . . Piercing . | . . . Sneak Attacks 2 | . . 2 Combat Hostiles 2 | . . 2 Follow-up Attacks . | . . . Damage Inflicted 2227 | . 420 1807 Guns 803 | . 420 383 Cannons 101 | . . 101 Explosions . | . . . Melee 1323 | . . 1323 Ramming . | . . . Kinetic 904 | . 420 484 Thermal . | . . . Explosive . | . . . Electromagnetic . | . . . Impact 1323 | . . 1323 Slashing . | . . . Piercing . | . . . Highest Corruption . | . . . Average Corruption . | . . . Corruption Purged . | . . . Corruption Blocked . | . . . Overload Shots 1 | . . 1 Effects 1 | . . 1 Short Circuit 1 | . . 1 Overflow Damage 366 | . . 366 Projectiles 3 | . . 3 Explosions . | . . . Melee 363 | . . 363 Knockbacks 10 | . . 10 Impact 8 | . . 8 Kinetic 2 | . . 2 Secondary . | . . . Self-Inflicted Damage . | . . . Shots . | . . . Rammed . | . . . Targets Rammed . | . . . Kicked . | . . . Crushed . | . . . Highest Temperature 80 | . 15 80 Average Temperature 11 | . 5 44 Received Heat Transfer 246 | . 93 153 Siege Activations . | . . . Martial Activations . | . . . Shielding Activations . | . . . Robots Disrupted . | . . . Combat Hostiles . | . . . Robots Corrupted 6 | . . 6 Combat Hostiles 6 | . . 6 Parts Fried 7 | . . 7 Impact Corruptions 11 | . . 11 Robots Melted . | . . . Combat Hostiles . | . . . Parts Melted 2 | . . 2 Heat Transferred . | . . . Parts Sabotaged . | . . . Parts Stolen . | . . . Parts Stripped . | . . . Power Chain Reactions . | . . . Alert | -11 -10 -10 ------- Run | Yrd Mat Sub Maximum Alert Level . | . . . Low Security (%) 100 | 100 100 . Level 1 . | . . . Level 2 . | . . . Level 3 . | . . . Level 4 . | . . . Level 5 . | . . . High Security . | . . . Max Security . | . . . Peak Influence 50 | . 50 . Initial . | . . . Average 3 | . 4 . Influence Increases 173 | . 143 30 Destroy 0b10 Robot/C 80 | . 80 . Destroy 0b10 Robot/NC 10 | . 10 . Destroy Leader 24 | . 24 . Successful Hack 29 | . 29 . Lose Combat Pursuer 30 | . . 30 Influence Decreases 143 | . 143 . Time Decay 143 | . 143 . Squads Dispatched . | . . . Investigation . | . . . Extermination . | . . . Reinforcement . | . . . Assault . | . . . Garrison . | . . . Intercept . | . . . Searches Triggered . | . . . Construction Impeded . | . . . Haulers Reinforced . | . . . Active Scanning Responses . | . . . Cargo Convoy Interrupts . | . . . Stealth | -11 -10 -10 --------- Run | Yrd Mat Sub Distress Signals 1 | . 1 . Communications Jammed . | . . . Distress Signals . | . . . Times Spotted 26 | . 9 17 Peak Tracking Total 4 | . 4 3 Tactical Retreats 3 | . . 3 Traps | -11 -10 -10 ------- Run | Yrd Mat Sub Traps Triggered 5 | . 4 1 Indirectly . | . . . Trap Hack Attempts . | . . . Triggered . | . . . Disarmed . | . . . Reprogrammed . | . . . Reused . | . . . Traps Extracted . | . . . Installed . | . . . Triggered . | . . . Machines | -11 -10 -10 ---------- Run | Yrd Mat Sub Machines Disabled . | . . . Max in Single Turn . | . . . Machines Repaired . | . . . Machines Dismantled . | . . . Machines Sabotaged . | . . . Overloaded Fab Kills . | . . . Hacking | -11 -10 -10 --------- Run | Yrd Mat Sub Machines Accessed 6 | . 6 . Terminals 6 | . 6 . Fabricators . | . . . Repair Stations . | . . . Recycling Units . | . . . Scanalyzers . | . . . Garrison Access . | . . . Total Hacks 11 | . 11 . Successful 7 | . 7 . Failed 4 | . 4 . Catastrophic . | . . . Database Lockouts . | . . . Manual . | . . . Terminals 11 | . 11 . Fabricators . | . . . Repair Stations . | . . . Recycling Units . | . . . Scanalyzers . | . . . Garrison Access . | . . . Terminal Hacks 7 | . 7 . Prototype ID Bank 1 | . 1 . Level Access Points 1 | . 1 . Branch Access Points 1 | . 1 . Emergency Access Points 1 | . 1 . Scanalyzer Index 1 | . 1 . Locate Traps 1 | . 1 . Zone Layout 1 | . 1 . Fabricator Hacks . | . . . Repair Station Hacks . | . . . Recycling Unit Hacks . | . . . Scanalyzer . | . . . Garrison Access Hacks . | . . . Unauthorized Hacks . | . . . Terminals . | . . . Fabricators . | . . . Repair Stations . | . . . Recycling Units . | . . . Scanalyzers . | . . . Garrison Access . | . . . Data Cores Recovered . | . . . Used . | . . . Hacking Detections 5 | . 5 . Full Trace Events 1 | . 1 . Feedback Events . | . . . Feedback Blocked . | . . . Robot Schematics Acquired . | . . . Robots Built . | . . . Authchips . | . . . Time . | . . . Total Robot Build Rating . | . . . Part Schematics Acquired . | . . . Parts Built . | . . . Authchips . | . . . Time . | . . . Total Part Build Rating . | . . . Part Studies Acquired . | . . . Parts Repaired . | . . . Time . | . . . Parts Recycled . | . . . Recycled Matter . | . . . Retrieved Matter . | . . . Retrieved Components . | . . . Parts Scanalyzed . | . . . Part Schematics Acquired . | . . . Parts Damaged . | . . . Bothacking | -11 -10 -10 ------------ Run | Yrd Mat Sub Used RIF Installer . | . . . Robots Hacked . | . . . Non-combat . | . . . Combat . | . . . Robot Hacks Applied . | . . . Relay Couplers Released . | . . . Fabnet Peak Effective % . | . . . Robots Rewired . | . . . Allies Hacked . | . . . Hacks Repelled . | . . . Allies | -11 -10 -10 -------- Run | Yrd Mat Sub Total Allies . | . . . Largest Group . | . . . Highest-Rated Group . | . . . Highest-Rated Ally . | . . . Total Orders . | . . . Ally Attacks . | . . . Total Damage . | . . . Kills . | . . . Allies Corrupted . | . . . Allies Melted . | . . . Intel | -11 -10 -10 ------- Run | Yrd Mat Sub Active Infowar (turns) . | . . . Robot Analysis Total . | . . . Derelict Logs Recovered 1 | . . 1 Drone Launches . | . . . Drone Recoveries . | . . . Exploration | -11 -10 -10 ------------- Run | Yrd Mat Sub Turns Passed 2859 | 65 740 2054 Spaces Moved 1343 | 49 398 896 Core 217 | 24 . 193 Treads 1047 | 25 398 624 Legs . | . . . Wheels 79 | . . 79 Hover . | . . . Flight . | . . . Fastest Speed 50 | 50 160 110 Average Speed 181 | 111 160 194 Slowest Speed 400 | 160 160 400 Overloaded Moves . | . . . Propulsion Burnouts . | . . . Robots Hopped . | . . . Potential Cave-ins 8 | . . 8 Cave-ins Triggered . | . . . Exploration Rate (%) 41 | 3 76 45 Regions Visited 2 Branch Regions 1 Pre-discovered Areas 1 | . . 1 Known Exits Taken 2 | 1 1 . Unknown Exits Taken . | . . . Scrap Searched 14 | . . 14 Spaces Dug 9 | . . 9 Terrain Destroyed 9 | . . 9 Melee 9 | . . 9 Projectile . | . . . AOE . | . . . Terrain Rammed . | . . . Walls Destroyed . | . . . Machines Disabled . | . . . Actions | -11 -10 -10 --------- Run | Yrd Mat Sub Total 1584 | 59 460 1065 Wait 76 | . 31 45 Move 1341 | 48 397 896 Hop . | . . . Pick Up 20 | 5 7 8 Fast Attach 4 | 1 . 3 Attach 7 | 5 2 . Detach . | . . . Swap 5 | . . 5 Drop 9 | . 2 7 Fire 69 | . 21 48 Melee 53 | . . 53 Ram . | . . . Kick . | . . . Crush . | . . . Escape Stasis . | . . . Rewire . | . . . Trap . | . . . Miscellaneous . | . . . Route ------- -11/Scrapyard -10/Materials (discovered 5 exits: *Mat x3 / *Min / *Sub) -10/Subcaves (discovered 2 exits: *Mat x2) History --------- Turn | Location | Event 3 | -11/Scrapyard | Identified exit to Materials 3 | -11/Scrapyard | Discovered exit to Materials (range 15) 66 | -11/Scrapyard | Entered Materials 66 | -10/Materials | Evolved 1 slot: Propulsion x1 203 | -10/Materials | Identified exit to Materials 203 | -10/Materials | Discovered exit to Materials (range 16) 269 | -10/Materials | Identified exit to Mines 317 | -10/Materials | Build established: Hacker-Mutant 791 | -10/Materials | Identified exit to Subcaves 791 | -10/Materials | Discovered exit to Subcaves (range 9) 806 | -10/Materials | Entered Subcaves 850 | -10/Subcaves | Learned Materials emergency access door positions 853 | -10/Subcaves | Identified exit to Materials 853 | -10/Subcaves | Discovered exit to Materials (range 15) 1054 | -10/Subcaves | Discovered exit to Materials (range 10) 1055 | -10/Subcaves | Learned location of Zion (-7) 1055 | -10/Subcaves | Met a Zionite searching for "candidates" 1076 | -10/Subcaves | Shifting Twisted Machinery released Sub. Machine Gun 1650 | -10/Subcaves | Disturbed a concealed Subdweller 1659 | -10/Subcaves | Disturbed a concealed Subdweller 1957 | -10/Subcaves | Ambushed by Subdwellers from Twisted Machinery 1977 | -10/Subcaves | Core integrity fell below 50% 2007 | -10/Subcaves | Lost 3 parts (1p2n) 2329 | -10/Subcaves | Core integrity fell below 20% 2860 | -10/Subcaves | Destroyed by S-10 Pest with Light Assault Rifle Last Messages --------------- 02382_ Destroyed Sub. Optics. 02382_ IV-6PL(R) system corrupted by crushing effect. 02386_ IV-6PL(R) knocked back. 02390_ Sneak attack on IV-6PL(R). 02390_ IV-6PL(R) knocked back. 02392_ Sneak attack on IV-6PL(R). 02392_ Destroyed Sub. Monowheel. 02392_ Destroyed Scrap Shield. 02392_ IV-6PL(R) system corrupted by crushing effect. 02393_ IV-6PL(R) system terminally corrupted. 02393_ Disposable Heat Sink fried. 02393_ Sub. Beam Cannon fried. 02405_ Subatomizers dissect the Sub. Optics. 02576_ The unstable cave ceiling collapses. 02851_ Destroyed Flight Unit. 02852_ S-10 Pest springs to life. 02857_ S-10 Pest knocked back. Map ----- +----------------------------------------------------+ | #??###" "#####???????????????? | | # ####### #### " ### ???????? | | ###?????## ## # #?????????? | | ?????????# ## # ##?????????? | | ?????????# #### ##??????????? | | ?????????## ##?# ### ##???????????? | | ??????????###??# ##??#####????????????? | | ???????????????## ##????????????????????? | | ????????????????## ###?????????????????????? | | ?????????????????## ##???????????????????????? | | ??????????????????# ##???????????????????????? | | ????????????##????# ###?????????????????????? | | ???????????## #??## #### ##????????????????????? | | ??????????## ### ##?## #????????????????????? | | ?????????## #### #????????????????????? | | ?????????# ## ##????????????????????? | | ??####???# #?????????????????????? | | ### #???## ## ##????????????????????? | | " #????###### #????????????????????? | | " ##??????## ##????????????????????? | | """ ""####???# ### ####?????????????????????? | | " ##??# ###?###????????????????????????? | | ##""[ #??## ##????######???????????????????? | | ?## # ##?#### ###### #???????????????????? | | #### ## ### # ## #???????????????????? | | "## ### # @ #???????????????????? | | ### # #???????????????????? | | " ## ##?##### #???????????????????? | | "#"##"" ## ##???????? #???????????????????? | | ###### " ### # #????????? ??????????????????? | | ???##" " #?#" ####?????????? s ?????????????????? | | #??#"""" ###" ##???####????? s#????????????????? | | #??# """ #?###""#??????% "#????????????????? | | "#?# """ ###"" #?????? %"#????????????????? | | ## """" "" " #???????""#????????????????? | | "" ""##"#"""[ ! #???????###????????????????? | | ### "#### """"= ""*###????????????????????????? | | ??#""" ##??# ###*" " =##???????????????????????? | | ??# ""##???# #?# ! " &%########????????????????? | | ??# #????# " ##!#[ # #######??????????? | | ??## ##????#" "" #### #####??????? | | ???##??????## " ??# # # #??????? | | ????????????#" """" ?# < ####### ##?????? | | ????????????# "## ###### ##?????## ##????? | | ???????????# "#?#" #???# ######???????# #????? | | ???????????#????#"" ???# #????????????# #????# | | ???????????????? " ?? ???????????## ##????# | | ?????????????????" ?? ??????????## ######## | | ??????????????????? ??????????# ### | | ?????????????????? ## ??????????#### | +----------------------------------------------------+ Best States ------------- Heat Dissipation 25 Energy Generation 10 Energy Capacity 250 Matter Stores 300 Matter Capacity 300 Sight Range 16 Terrain Scan Density 10 Armor Coverage 150 Resistance: KI 35 Resistance: TH 35 Resistance: EX 35 Resistance: EM 35 Resistance: I 35 Resistance: S 35 Resistance: P 35 Evasion (%) 50 Recoil Reduction 3 Offensive Hacking 20 Item Schematics ----------------- None Robot Schematics ------------------ None Fabricated ------------ Nothing Repaired ---------- Nothing Studied --------- None Alien Tech Used ----------------- None Achievements -------------- None Challenges ------------ None Game ------ Seed FlyingMissileWartreads Manual? 0 Play Time 00:17:43 Cumulative 122.9 hours Start 2025.11.20 @ 11:55:26 End 2025.11.20 @ 12:43:08 Sessions 1 Manual Loads 0 Difficulty Explorer Special Mode None Game No. 138 Rogue 0 Adventurer 0 Explorer 138 Win Type - Total 0 Types 0/0/0/0/0/0/0/0/0/0 Lore% 65 Gallery% 65 Achievement% 49 Wizard Run 0 Options --------- Layout 1 ASCII 0 Keyboard 0 Movement Mouse Keybinds 0 Fullscreen 1 Font 24/Smallcaps Map View 50x35 Zoom Use 0% Tactical HUD 1 Map Filters NONE Filters NONE Steam 1 RUN: ae746965-894c-4b1d-a83d-8ceb7c031264